 Dungeon Crawl Stone Soup version 0.28.0-53-g5a82cb258f (webtiles) character file.

Game seed: 4940113216714967497

44 gobodom the Skirmisher (level 3, -2/29 HPs)
             Began as a Demonspawn Berserker on June 21, 2022.
             Was a Believer of Trog.
             Slain by a gnoll
             ... wielding a +0 halberd
              (6 damage)
             ... on level 2 of the Dungeon.
             The game lasted 00:05:04 (1746 turns).

gobodom the Skirmisher (Demonspawn Berserker)       Turns: 1746, Time: 00:05:05

Health: -2/29      AC:  8    Str: 17    XL:     3   Next: 41%
Magic:  3/3        EV:  8    Int:  8    God:    Trog [**....]
Gold:   109        SH:  0    Dex: 14    Spells: 2/2 levels left

rFire   . . .      SeeInvis .   a - +0 hand axe
rCold   . . .      Faith    .   (no shield)
rNeg    . . .      Spirit   .   i - +0 chain mail
rPois   .          Reflect  .   (no helmet)
rElec   .          Harm     .   (no cloak)
rCorr   .          Rampage  .   (no gloves)
Will    .....                   (no boots)
Stlth   ..........              (no amulet)
HPRegen 0.09/turn               (no ring)
MPRegen 0.08/turn               (no ring)

@: brilliant
A: sturdy frame 1, demonic magic 1
a: Renounce Religion, Berserk, Trog's Hand


You were on level 2 of the Dungeon.
You worshipped Trog.
Trog was pleased with you.
You visited 1 branch of the dungeon, and saw 2 of its levels.

You collected 109 gold pieces.

Inventory:

Hand Weapons
 a - a +0 hand axe (weapon)
 k - a +1 vampiric short sword
Missiles
 f - 11 poisoned darts (quivered)
Armour
 b - a +0 animal skin
 e - a +1 robe of the Archmagi
 i - a +0 chain mail (worn)
Scrolls
 c - a scroll of torment {unknown}
 d - a scroll of identify {unknown}
 g - a scroll of vulnerability {unknown}
 j - 2 scrolls of blinking {unknown}


   Skills:
 + Level 3.4 Fighting
 + Level 3.3 Axes
 + Level 1.9 Armour
 + Level 2.3 Dodging


You had 2 spell levels left.
You didn't know any spells.
Your spell library was empty.

Dungeon Overview and Level Annotations

Branches:
Dungeon (2/15)

Altars:

Shops:
D:1 !


Innate Abilities, Weirdness & Mutations

Your movements are slightly less encumbered by armour. (ER -2)
Spells you cast may paralyse adjacent enemies.


Message History

Things that are here:
a +0 club; a goblin corpse
Found a stone staircase leading up.
There is a stone staircase leading up here.
A bat comes into view.
The bat barely misses you.
You hit the bat.
You kill the bat!
Trog accepts your kill.
Found 12 stones.
Found 21 stones.
j - 2 scrolls labelled WYHOFESUVIO (gained 1)
A rat comes into view.
The rat bites you.
You barely miss the rat. The rat barely misses you. x2
You hit the rat.
You kill the rat!
Trog accepts your kill.
You open the door.
A gnoll shaman and 3 gnolls come into view.
The gnoll shaman shouts!
The gnoll shouts! x3; You hear an angry hiss.
The gnoll hits you from afar with a +0 halberd.
An adder comes into view.
The adder hisses angrily.
The gnoll hits you but does no damage.
There is an open door here.
You slash the gnoll!
The gnoll is heavily wounded.
You hit the gnoll. The gnoll hits you with a +0 halberd!
The gnoll hits you with a +0 club.
You barely miss the gnoll. x2; You hit the gnoll.
The gnoll barely misses you. The gnoll closely misses you.
The gnoll hits you with a +0 club.
* * * LOW HITPOINT WARNING * * *
The gnoll hits you from afar with a +0 halberd.
* * * LOW HITPOINT WARNING * * *
It was a potion of brilliance.
You feel clever all of a sudden. The gnoll completely misses you.
The gnoll hits you from afar with a +0 halberd.
You die...

##.## ###.#.##
##..###.####### ##.<##
##......#
#######....###.#####.#
#......#....#.## #.#
#.##.........## #.#
#.##...##.####
###.#####
####.#######@#
#........ #....# #g#
#.#...### #.####


#ggg# #.#...# #.## #..S..# #.#...# #..## #.......# #.....###
##...####.........####........ ##.......+.........+...........
#.....####.........####....^... #.##.## ##.......## #.....##. You could see a
gnoll shaman, 3 gnolls and an adder.

Vanquished Creatures
  An adder (D:2)
  A dart slug (D:1)
  2 endoplasms
  A giant cockroach (D:1)
  4 goblins
  3 hobgoblins (D:1)
  A quokka (D:2)
  A ball python (D:1)
  3 bats
  9 frilled lizards (D:2)
  3 kobolds
  7 rats
36 creatures vanquished.

Vanquished Creatures (others)
  5 plants (D:2)
5 creatures vanquished.

Grand Total: 41 creatures vanquished

Notes
Turn   | Place    | Note
-------+----------+-------------------------------------------
     0 | D:1      | gobodom the Demonspawn Berserker began the quest for the
                  | Orb.
     0 | D:1      | Reached XP level 1. HP: 18/18 MP: 1/1
   256 | D:1      | Gained mutation: Your movements are slightly less
                  | encumbered by armour. (ER -2) [demonic ancestry]
   256 | D:1      | Reached XP level 2. HP: 20/24 MP: 2/2
   492 | D:1      | Found a faded altar of an unknown god.
   548 | D:1      | Found Keykurch's Distillery.
   612 | D:1      | You fall into a shaft and drop 1 floor!
  1316 | D:2      | Reached ** piety under Trog
  1453 | D:2      | Gained mutation: Spells you cast may paralyse adjacent
                  | enemies. [demonic ancestry]
  1453 | D:2      | Reached XP level 3. HP: 25/29 MP: 3/3
  1746 | D:2      | Slain by a gnoll

Illustrated notes

Levels and vault maps discovered:
D:1:      onia_arrival_mini_spirals, layout_loops_ring,
          dreamdust_ecumenical_altar_hidden_monk_grotto, serial_shops, shop,
          minmay_heptomino_l4
D:2:      layout_loops_corners, grunt_decor_mini_mirrors, minmay_lizard_king

Skill      XL: |  1  2 |
---------------+-------+-----
Axes           | 3 |  3.3
Dodging        | 2 |  2.3
Fighting       | |  3.4
Armour         | |  1.9

Action                   || total
-------------------------++-------
Melee: Hand axe          ||    63
       Punch             ||     1
  Use: Potion            ||     1
Armor: Animal skin       ||     7
       Chain mail        ||    15
Dodge: Dodged            ||    39
